% Time on Ice - KELOWNA ROCKETS
Lines # - Real PCT - Wanted PCT - Time Play
Normal Forward
1 - 33% - 41% - 16:38
2 - 31% - 39% - 15:24
3 - 20% - 20% - 9:47
4 - 17% - 0% - 8:16
Normal Defense
1 - 31% - 32% - 15:31
2 - 30% - 32% - 15:05
3 - 33% - 26% - 16:27
4 - 6% - 10% - 3:02
PP Forward
1 - 56% - 65% - 5:31
2 - 44% - 35% - 4:24
PP Defense
1 - 58% - 65% - 5:46
2 - 42% - 35% - 4:09
PK Forward
1 - 0% - 55%
2 - 0% - 45%
PK Defense
1 - 0% - 55%
2 - 0% - 45%
PK3 Forward
1 - 0% - 55%
2 - 0% - 45%
PK3 Defense
1 - 0% - 55%
2 - 0% - 45%
44 Forward
1 - 0% - 55%
2 - 0% - 45%
44 Defense
1 - 0% - 55%
2 - 0% - 45%
Last Minute Offensive  - 0:00
Last Minute Defensive  - 0:00
Total
Forward - 60:00
Defense - 60:00
% Time on Ice - SPOKANE KNIGHTS
Lines # - Real PCT - Wanted PCT - Time Play
Normal Forward
1 - 38% - 38% - 19:10
2 - 37% - 38% - 18:44
3 - 14% - 14% - 7:03
4 - 10% - 10% - 5:08
Normal Defense
1 - 39% - 40% - 19:43
2 - 29% - 30% - 14:38
3 - 25% - 20% - 12:35
4 - 6% - 10% - 3:09
PP Forward
1 - 0% - 60%
2 - 0% - 40%
PP Defense
1 - 0% - 60%
2 - 0% - 40%
PK Forward
1 - 67% - 60% - 6:37
2 - 33% - 40% - 3:18
PK Defense
1 - 57% - 60% - 5:39
2 - 43% - 40% - 4:16
PK3 Forward
1 - 0% - 60%
2 - 0% - 40%
PK3 Defense
1 - 0% - 60%
2 - 0% - 40%
44 Forward
1 - 0% - 50%
2 - 0% - 50%
44 Defense
1 - 0% - 60%
2 - 0% - 40%
Last Minute Offensive  - 0:00
Last Minute Defensive  - 0:00
Total
Forward - 60:00
Defense - 60:00
Play-by-Play 1st period 0:01 of 1st period - Evgeny Kuznetsov wins face-off versus Patrice Bergeron in neutral zone. 0:05 of 1st period - Off-side. 0:06 of 1st period - Sebastian Aho wins face-off versus Anthony Cirelli in neutral zone. 0:08 of 1st period - Off-side. 0:09 of 1st period - Gaetan Haas wins face-off versus Vladislav Kamenev in neutral zone. 0:49 of 1st period - Shot by Valeri Nichushkin. 0:49 of 1st period - Deflect By Tyler Pitlick. 0:49 of 1st period - Stopped by Tuukka Rask with a rebound. 2:17 of 1st period - Shot by Jordan Eberle. 2:17 of 1st period - Goal by Jordan Eberle - KELOWNA ROCKETS : 1 - SPOKANE KNIGHTS : 0. 2:18 of 1st period - Gaetan Haas wins face-off versus Noah Gregor in neutral zone. 2:28 of 1st period - Minor Penalty to Garnet Hathaway for Holding. 2:29 of 1st period - Evgeny Kuznetsov wins face-off versus Nick Foligno in SPOKANE KNIGHTS zone. 2:30 of 1st period - Shot by Alexander Ovechkin. 2:30 of 1st period - Shot Misses the Net. 2:50 of 1st period - Shot by Evgeny Kuznetsov. 2:50 of 1st period - Deflect By Tyler Bertuzzi. 2:50 of 1st period - Shot Misses the Net. 5:37 of 1st period - Shot by Ilya Kovalchuk. 5:37 of 1st period - Shot Misses the Net. 6:37 of 1st period - Shot by Valeri Nichushkin. 6:37 of 1st period - Stopped by Tuukka Rask without a rebound. 6:38 of 1st period - Patrice Bergeron wins face-off versus Pavel Buchnevich in KELOWNA ROCKETS zone. 6:57 of 1st period - Shot by Matthew Tkachuk. 6:57 of 1st period - Shot Misses the Net. 6:59 of 1st period - Shot by Matthew Tkachuk. 6:59 of 1st period - Shot Misses the Net. 7:01 of 1st period - Shot by Nick Foligno. 7:01 of 1st period - Shot Misses the Net. 7:11 of 1st period - Shot by Patrice Bergeron. 7:11 of 1st period - Shot Misses the Net. 7:13 of 1st period - Shot by Nick Foligno. 7:13 of 1st period - Stopped by Tuukka Rask without a rebound. 7:14 of 1st period - Gaetan Haas wins face-off versus Evgeny Kuznetsov in KELOWNA ROCKETS zone. 7:35 of 1st period - Shot by Alexander Ovechkin. 7:35 of 1st period - Stopped by Frederik Andersen with a rebound. 8:28 of 1st period - Shot by Sebastian Aho. 8:28 of 1st period - Shot Misses the Net. 9:06 of 1st period - Shot by Blake Wheeler. 9:06 of 1st period - Shot Misses the Net. 9:08 of 1st period - Shot by Blake Wheeler. 9:08 of 1st period - Shot Misses the Net. 9:18 of 1st period - Shot by Patrice Bergeron. 9:18 of 1st period - Stopped by Tuukka Rask without a rebound. 9:19 of 1st period - Gaetan Haas wins face-off versus Vladislav Kamenev in KELOWNA ROCKETS zone. 9:46 of 1st period - Ilya Kovalchuk is hit by Nick Foligno and loses puck. 10:02 of 1st period - Icing by Dmitri Orlov. 10:03 of 1st period - Patrice Bergeron wins face-off versus Vladislav Kamenev in KELOWNA ROCKETS zone. 10:04 of 1st period - Shot by Matthew Tkachuk. 10:04 of 1st period - Stopped by Tuukka Rask without a rebound. 10:05 of 1st period - Patrice Bergeron wins face-off versus Evgeny Kuznetsov in KELOWNA ROCKETS zone. 10:12 of 1st period - Shot by Blake Wheeler. 10:12 of 1st period - Shot Blocked by Adam Fox. 10:14 of 1st period - Shot by Blake Wheeler. 10:14 of 1st period - Stopped by Tuukka Rask without a rebound. 10:15 of 1st period - Patrice Bergeron wins face-off versus Evgeny Kuznetsov in KELOWNA ROCKETS zone. 11:16 of 1st period - Adam Fox is hit by Justin Abdelkader and loses puck. 12:53 of 1st period - Icing by Jonas Siegenthaler. 12:54 of 1st period - Vladislav Kamenev wins face-off versus Patrice Bergeron in KELOWNA ROCKETS zone. 12:58 of 1st period - Off-side. 12:59 of 1st period - Matthew Tkachuk wins face-off versus Noah Gregor in neutral zone. 13:08 of 1st period - Shot by Patrice Bergeron. 13:08 of 1st period - Shot Misses the Net. 15:00 of 1st period - Icing by Kristopher Letang. 15:01 of 1st period - Anthony Cirelli wins face-off versus Gaetan Haas in KELOWNA ROCKETS zone. 15:03 of 1st period - Icing by Tyler Bertuzzi. 15:04 of 1st period - Anthony Cirelli wins face-off versus Patrice Bergeron in KELOWNA ROCKETS zone. 15:21 of 1st period - Shot by Matthew Tkachuk. 15:21 of 1st period - Stopped by Tuukka Rask without a rebound. 15:22 of 1st period - Evgeny Kuznetsov wins face-off versus Gaetan Haas in KELOWNA ROCKETS zone. 16:03 of 1st period - Shot by Alexander Ovechkin. 16:03 of 1st period - Stopped by Frederik Andersen with a rebound. 16:32 of 1st period - Off-side. 16:33 of 1st period - Ilya Kovalchuk wins face-off versus Sebastian Aho in neutral zone. 17:31 of 1st period - Patrice Bergeron is hit by Vladislav Kamenev and loses puck. 18:36 of 1st period - Icing by Mario Ferraro. 18:37 of 1st period - Evgeny Kuznetsov wins face-off versus Tyler Pitlick in SPOKANE KNIGHTS zone. 18:40 of 1st period - Shot by Evgeny Kuznetsov. 18:40 of 1st period - Deflect By Alexander Ovechkin. 18:40 of 1st period - Stopped by Frederik Andersen without a rebound. 18:41 of 1st period - Sebastian Aho wins face-off versus Evgeny Kuznetsov in SPOKANE KNIGHTS zone. 19:08 of 1st period - Shot by Alexander Ovechkin. 19:08 of 1st period - Stopped by Frederik Andersen with a rebound. 19:20 of 1st period - Shot by Sebastian Aho. 19:20 of 1st period - Stopped by Tuukka Rask without a rebound. 19:21 of 1st period - Anthony Cirelli wins face-off versus Patrice Bergeron in KELOWNA ROCKETS zone. 19:40 of 1st period - Shot by Pavel Buchnevich. 19:40 of 1st period - Stopped by Frederik Andersen without a rebound. 19:41 of 1st period - Valeri Nichushkin wins face-off versus Vladislav Kamenev in SPOKANE KNIGHTS zone. 19:41 of 1st period - Valeri Nichushkin is hit by Vladislav Kamenev. Goals for this pe